AoeStats
← KROMEN-BOL

Nomad

507373663Analyzed
4v4 RM · 2mo ago on Sep 17, 2026· 31m 6s· 8 players
Game mode
Random Map
Map size
231×231
Population
200
Speed
Normal
Resources
Standard
Victory
Conquest
Starting age
Dark Age
Ending age
Imperial Age
RankedLock teamsTeams togetherTeam positionsShared explorationLock speedFull tech treeHidden civsTurbo modeCheats
Victory
Defeat
🇷🇸 Romans · Serbia
1411
+14
🇨🇴 Portuguese · Colombia
1383
+15
🇺🇸 Huns · United States
1362
+16
🇵🇹 Gurjaras · Portugal
1341
+17
vs
🇵🇪 Dravidians · Peru
1499
-21
🇨🇱 Teutons · Chile
1499
-21
🇸🇪 Spanish · Sweden
1233
-10
🇫🇷 Khmer · France
1227
-10
GENGIS KHAN'T
12:18 Feudal Age
11:49 Loom
13:38 Double-Bit Axe
18:30 Castle Age
17:39 Fletching
18:57 Bloodlines
18:42 Gold Mining
19:38 Bow Saw
20:45 Bodkin Arrow
21:49 Husbandry
31:17 Padded Archer Armor
Fu
5:08 Loom
12:20 Feudal Age
18:12 Castle Age
16:19 Double-Bit Axe
17:00 Fishing Lines
19:26 Bow Saw
20:33 Horse Collar
22:30 Wheelbarrow
21:40 Town Watch
24:24 Gold Mining
25:22 Husbandry
25:32 Bloodlines
26:50 Ballistics
29:35 Imperial Age
27:13 Fletching
28:22 Padded Archer Armor
30:49 Bodkin Arrow
31:01 Devotion
31:40 Conscription
31:39 Bracer
The Wulf
8:53 Loom
11:00 Loom
13:12 Feudal Age
13:15 Man-at-Arms
15:05 Scale Mail Armor
17:42 Double-Bit Axe
18:07 Horse Collar
25:37 Castle Age
23:29 Stone Mining
23:57 Forging
25:48 Long Swordsman
26:31 Squires
26:47 Chain Mail Armor
28:35 Herbal Medicine
29:37 Heavy Plow
29:50 Bow Saw
Sebasky
5:52 Loom
14:54 Feudal Age
16:27 Wheelbarrow
19:29 Castle Age
18:18 Double-Bit Axe
19:03 Fishing Lines
21:13 Bow Saw
29:11 Fletching
[LAK] CholoPayet
5:58 Loom
12:49 Feudal Age
16:37 Castle Age
15:58 Double-Bit Axe
15:55 Horse Collar
18:46 Bow Saw
18:37 Heavy Plow
26:20 Town Watch
27:15 Wheelbarrow
26:31 Gold Mining
26:32 Stone Mining
32:35 Imperial Age
30:33 Scale Barding Armor
31:13 Hand Cart
Jarl
5:02 Loom
14:41 Feudal Age
18:55 Castle Age
17:06 Double-Bit Axe
17:34 Stone Mining
18:43 Fishing Lines
20:42 Wheelbarrow
20:58 Bloodlines
21:33 Husbandry
ZoilaCerda
9:03 Loom
15:25 Feudal Age
23:59 Fletching
KROMEN-BOL
4:53 Loom
14:08 Feudal Age
16:03 Double-Bit Axe
16:29 Fishing Lines
17:13 Gold Mining
20:38 Castle Age
18:50 Horse Collar
20:11 Scale Barding Armor
20:17 Forging
21:13 Bloodlines
21:42 Fletching
23:48 Wheelbarrow
23:00 Town Watch
23:53 Bow Saw
24:46 Stone Mining
27:46 Hand Cart
Connection lost

Rejoining the realm…

Still unreachable

The connection could not be restored.

Session expired

The server has moved on; the page needs a fresh start.